 Dungeon Crawl Stone Soup version 0.31-a0-369-g8eba5f6939 (webtiles) character file.

Game seed: 8893941149164094181

16695 Flugkiller the Mimic (level 12, -7/96 HPs)
             Began as a Demonspawn Shapeshifter on July 28, 2023.
             Was a High Priest of Uskayaw.
             Mangled by a skyshark (12 damage)
             ... on level 3 of the Lair of Beasts.
             The game lasted 00:16:58 (14222 turns).

Flugkiller the Mimic (Demonspawn Shapeshifter)     Turns: 14222, Time: 00:16:58

Health: -7/96      AC: 16    Str: 20    XL:     12   Next: 12%
Magic:  15/15      EV:  6    Int: 10    God:    Uskayaw [*****.]
Gold:   883        SH:  0    Dex: 14    Spells: 11/11 levels left

rFire   . .          .
                       - Unarmed
rCold   . . .        (no shield)
rNeg    . . .        g - +0 plate armour
rPois   .            (helmet currently unavailable)
rElec   .            (cloak currently unavailable)
rCorr   .            (gloves currently unavailable)
SInv    .            (boots currently unavailable)
Will    .....        (no amulet) Stlth
                     p - +4 ring of protection
HPRegen 0.36/turn    (no ring)
MPRegen 0.14/turn

%: no passive effects
@: about to teleport, beast-form, slowed, very slow
A: beast (slay +7), antennae 1, hooves 2, foul stench 1, powered by death 1,
demonic touch 2
a: Begin Untransformation, Renounce Religion, Stomp, Line Pass, Grand Finale


You were on level 3 of the Lair of Beasts.
You worshipped Uskayaw.
Uskayaw was noncommittal.
You were a hulking beast.
You visited 2 branches of the dungeon, and saw 14 of its levels.

You collected 1828 gold pieces.
You spent 945 gold pieces at shops.

Inventory:

Missiles
 s - 4 curare-tipped darts (quivered)
Armour
 a - a +0 animal skin
 g - a +0 plate armour (worn)
   (You found it on level 1 of the Dungeon)
 A - the +2 leather armour of Valiance {*Corrode rElec Will+ Int+3}
   (You found it on level 8 of the Dungeon)

   Int:       It affects your intelligence (+3).
   rElec:     It insulates you from electricity.
   *Corrode:  It may corrode you when you take damage.
   Will:      It increases your willpower.
 B - a +0 kite shield
   (You took it off a gnoll sergeant on level 7 of the Dungeon)
Jewellery
 m - a ring of willpower
   (You found it on level 2 of the Lair of Beasts)
 p - a +4 ring of protection (left hand)
   (You found it on level 8 of the Dungeon)
 L - a ring of resist corrosion
   (You found it on level 10 of the Dungeon)
Talismans
 c - a beast talisman
 H - a storm talisman
   (You found it on level 1 of the Lair of Beasts)
Wands
 i - a wand of flame (45)
   (You found it on level 4 of the Dungeon)
 r - a wand of iceblast (18)
   (You found it on level 9 of the Dungeon)
 C - a wand of mindburst (12)
   (You found it on level 7 of the Dungeon)
 F - a wand of charming (7)
   (You found it on level 8 of the Dungeon)
Scrolls
 b - 2 scrolls of revelation
 j - 3 scrolls of fog
 k - 2 scrolls of fear
 l - a scroll of silence
 o - 2 scrolls of vulnerability
 t - 6 scrolls of teleportation
 u - a scroll of torment
 v - a scroll of immolation {unknown}
 y - a scroll of amnesia
 E - 2 scrolls of poison
 K - a scroll of enchant armour
Potions
 d - 4 potions of might
 e - 6 potions of enlightenment
 f - 3 potions of mutation
 h - 4 potions of haste
 n - a potion of resistance
 q - 3 potions of curing
 w - 3 potions of heal wounds
 x - 2 potions of cancellation
 D - 3 potions of lignification
 G - a potion of ambrosia {unknown}
 J - a potion of berserk rage {unknown}
 M - 2 potions of attraction
Miscellaneous
 I - a phantom mirror
   (You found it on level 10 of the Dungeon)


   Skills:
 - Level 9.4 Fighting
 + Level 4.5 Armour
 - Level 1.7 Dodging
 - Level 9.0 Unarmed Combat
 + Level 4.8 Invocations
 - Level 6.0 Evocations
 - Level 10.0 Shapeshifting


You had 11 spell levels left.
You didn't know any spells.
Your spell library contained the following spells:

 Spells                   Type           Power      Damage    Failure   Level
 Slow                     Hex            0%         N/A       100%        1
 Blink                    Tloc           0%         N/A       100%        2
 Ensorcelled Hibernation  Hex/Ice        0%         N/A       100%        2
 Lesser Beckoning         Tloc           0%         N/A       100%        2
 Momentum Strike          Conj/Tloc      0%         3d8       100%        2
 Sublimation of Blood     Necr           0%         N/A       100%        2
 Wereblood                Tmut           0%         N/A       100%        2
 Confusing Touch          Hex            0%         N/A       100%        3
 Dazzling Flash           Conj/Hex       0%         N/A       100%        3
 Frozen Ramparts          Ice            0%         1d1       100%        3
 Inner Flame              Hex/Fire       0%         N/A       100%        3
 Vampiric Draining        Necr           0%         2d6       100%        3
 Volatile Blastmotes      Fire/Tloc      0%         2d10      100%        3
 Anguish                  Hex/Necr       0%         N/A       100%        4
 Cause Fear               Hex            0%         N/A       100%        4
 Flame Wave               Conj/Fire      0%         2d4       100%        4
 Petrify                  Tmut/Erth      0%         N/A       100%        4
 Sticky Flame             Conj/Fire      0%         2d3       100%        4
 Fireball                 Conj/Fire      0%         3d3       100%        5
 Iskenderun's Battlesphe  Conj           0%         2d6       100%        5
 Metabolic Englaciation   Hex/Ice        0%         N/A       100%        5
 Conjure Ball Lightning   Conj/Air       0%         3x3d6     100%        6
 Starburst                Conj/Fire      0%         6d3       100%        6
 Enfeeble                 Hex            0%         N/A       100%        7
 Orb of Destruction       Conj           0%         9d5       100%        7
 Summon Hydra             Summ           0%         N/A       100%        7
 Maxwell's Capacitive Co  Air            0%         ∞         100%        8


Dungeon Overview and Level Annotations

Branches:
Dungeon (11/15) Zot: 25509  Temple (0/1) D:5            Lair (2/5) D:9 Zot: 15181
    Orc (0/2) D:11
  Swamp: Lair:2-3    Shoals: Lair:2-3     Snake: Lair:2-3    Spider: Lair:2-3

Altars:
Hepliaklqana
Okawaru
Ru
Trog
Uskayaw
Yredelemnul

Shops:
D:3 !   D:5 *   D:11 ?

Annotations:
Lair:1 3 runed translucent doors, Biusch's ghost, journeyman DjCj
Lair:2 1 transporter


Innate Abilities, Weirdness & Mutations

You are a hulking beast.
Your limbs bulge with bestial killing power. (Slay +7)
You have a pair of small antennae on your head.
You have hoof-like feet.
You may rarely emit foul miasma when damaged in melee.
You regenerate a little health from kills.
Your touch may inflict irresistible damage on your foes.


Message History

You hit the bullfrog. Your kick misses the bullfrog.
The bullfrog is moderately wounded.
The bullfrog hits you but does no damage. x2
You closely miss the bullfrog. Your touch misses the bullfrog.
Your punch misses the bullfrog.
The bullfrog is moderately wounded.
The bullfrog hits you but does no damage.
You punch the bullfrog!
You kill the bullfrog!
No target in view! 2 wolves come into view.
A wolf comes into view.
The wolf bites you. The wolf bites you but does no damage.
You pummel the wolf!! Your kick misses the wolf.
You touch the wolf.
You kill the wolf!
A wolf comes into view.
You can now pass through a line of other dancers.
You hit the wolf but do no damage. Your kick misses the wolf.
The wolf barely misses you. The wolf bites you but does no damage.
The wolf barely misses you. The wolf bites you but does no damage.
You barely miss the wolf. You kick the wolf!
The wolf is heavily wounded.
The wolf bites you but does no damage. The wolf completely misses you.
You punch the wolf!
You kill the wolf!
The wolf bites you but does no damage.
You hit the wolf. You kick the wolf! Your touch misses the wolf.
The wolf is heavily wounded.
The wolf bites you!
Uskayaw will force your foes to helplessly watch your dance.
Uskayaw prepares the audience for your solo!
The helpless wolf fails to defend itself.
You pummel the wolf!!
You kill the wolf!
The helpless wolf fails to defend itself.
You pummel the wolf!!
You kill the wolf!
Uskayaw will force your foes to share their pain.
No target in view!
A yak comes into view.
A blink frog comes into view.
Uskayaw links your audience in an emotional bond!
Things that are here:
a wolf corpse; a wolf corpse A yak comes into view.
The yak is no longer sharing its pain.
A blink frog comes into view.
The blink frog is no longer sharing its pain.
The blink frog blinks!
You pummel the yak!! You kick the yak, but do no damage.
You touch the yak!
The yak is severely wounded.
The blink frog blinks!
A skyshark comes into view.
The yak gores you but does no damage.
A blink frog comes into view.
Uskayaw will force your foes to share their pain.
You punch the yak!
You kill the yak!
The blink frog barely misses you.
A torpor snail comes into view.
Being near the torpor snail leaves you feeling lethargic.
The blink frog completely misses you.
You barely miss the blink frog.
You touch the blink frog!
You punch the blink frog.
The blink frog is heavily wounded.
The blink frog blinks!
A komodo dragon comes into view.
The blink frog hits you but does no damage. x2
The blink frog barely misses you. The blink frog hits you!
The blink frog blinks!
You hit the yak. You kick the yak!
The yak is moderately wounded.
The blink frog hits you. The yak completely misses you.
The blink frog barely misses you.
A komodo dragon comes into view.
The yak gores you.
You can now merge with and destroy a victim.
As you read the scroll of teleportation, it crumbles to dust.
You feel strangely unstable.
The sentinel's mark upon you fades away.
The skyshark barely misses you. The skyshark tail-slaps you.
The skyshark tail-slaps you but does no damage.
The yak gores you but does no damage.
The blink frog hits you but does no damage.
Unknown command.
You barely miss the skyshark. The skyshark bites you.
The skyshark tastes blood and grows stronger!
The skyshark tail-slaps you. x2; The blink frog barely misses you.
The blink frog hits you! The yak gores you but does no damage.
The blink frog hits you!
The blink frog blinks!
The skyshark bites you!
The skyshark enters a blood-rage!
The skyshark tail-slaps you but does no damage. x2
The skyshark attacks as you move away! The skyshark bites you!
The skyshark tail-slaps you but does no damage.
The skyshark tail-slaps you.
* * * LOW HITPOINT WARNING * * *
The yak gores you!
* * * LOW HITPOINT WARNING * * *
The blink frog barely misses you. The skyshark bites you!
* * * LOW HITPOINT WARNING * * *
The skyshark tail-slaps you!
You die...

##### ##### #.#.# ### ###
####.#.###
#..######.####.####..#..#..#
##....#......l...#.........##
#..........hFl..lF.......#.#
####......FY.....†#.......#.
##.............######...#
#......w.......# #.#...
##..............# ###...
#................# ##..
#...............## #..
#.P.............. #P.
#.##...... ##.


You could see a skyshark (berserk), a torpor snail, 2 komodo dragons, a yak and
3 blink frogs.

Vanquished Creatures
  A hydra (Lair:1)
  A boulder beetle (D:11)
  3 death yaks
  A black mamba (Lair:2)
  An elephant (Lair:2)
  A torpor snail (Lair:1)
  3 komodo dragons
  2 gargoyles (D:10)
  An unseen horror (D:11)
  Psyche (D:10)
  A rime drake (Lair:2)
  2 cane toads (Lair:2)
  3 trolls
  A polar bear (Lair:2)
  A blink frog (Lair:2)
  A shadow (D:9)
  2 wyverns
  18 yaks
  Grum (D:8)
  4 wargs (D:11)
  3 water moccasins (Lair:1)
  An acid dragon (D:11)
  An ice beast (D:6)
  6 orc warriors
  A sky beast (D:6)
  16 wolves
  6 centaurs
  A phantom (D:5)
  4 kobold brigands
  5 bullfrogs
  2 gnoll sergeants
  A scorpion (D:5)
  9 killer bees
  6 howler monkeys
  A sleepcap (D:6)
  3 jellies
  6 orc priests
  5 hounds
  A gnoll bouda (D:6)
  3 iguanas
  10 orc wizards
  Robin (D:2)
  11 gnolls
  7 adders
  2 shadow imps
  An ufetubus (D:5)
  A worm (D:3)
  A dart slug (D:4)
  39 orcs
  6 ball pythons
  11 bats
  9 endoplasms
  4 giant cockroaches
  17 goblins
  11 hobgoblins
  10 jackals
  3 quokkas
  4 frilled lizards
  19 kobolds
  5 rats
302 creatures vanquished.

Notes
Turn   | Place    | Note
-------+----------+-------------------------------------------
     0 | D:1      | Flugkiller the Demonspawn Shapeshifter began the quest for
                  | the Orb.
     0 | D:1      | Reached XP level 1. HP: 15/15 MP: 1/1
   142 | D:1      | Discovered your monstrous ancestry.
   142 | D:1      | Gained mutation: Your touch may inflict minor irresistible
                  | damage on your foes. [demonic ancestry]
   142 | D:1      | Reached XP level 2. HP: 21/21 MP: 2/2
   246 | D:1      | Reached skill level 3 in Shapeshifting
   384 | D:1      | Gained mutation: You regenerate a little health from kills.
                  | [demonic ancestry]
   384 | D:1      | Reached XP level 3. HP: 26/26 MP: 3/3
   674 | D:2      | Noticed Robin
   722 | D:2      | Killed Robin
   862 | D:2      | Reached XP level 4. HP: 33/33 MP: 4/4
  1825 | D:3      | Reached XP level 5. HP: 23/39 MP: 5/5
  2062 | D:3      | Found Niasher's Distillery.
  2084 | D:3      | Bought a potion of curing for 33 gold pieces
  2084 | D:3      | Bought a potion of heal wounds for 55 gold pieces
  2148 | D:3      | Bought a potion of mutation for 88 gold pieces
  2207 | D:3      | Reached skill level 4 in Shapeshifting
  2676 | D:3      | Bought a potion of heal wounds for 55 gold pieces
  3118 | D:4      | Gained mutation: You have large cloven feet. [demonic
                  | ancestry]
  3118 | D:4      | Reached XP level 6. HP: 44/47 MP: 6/6
  3268 | D:4      | Found a hide-covered altar of Uskayaw.
  3277 | D:4      | Became a worshipper of Uskayaw the Reveller
  3319 | D:5      | Entered Level 5 of the Dungeon
  3337 | D:5      | Reached * piety under Uskayaw
  3348 | D:5      | Reached ** piety under Uskayaw
  3418 | D:5      | Reached *** piety under Uskayaw
  3424 | D:5      | Found a staircase to the Ecumenical Temple.
  3519 | D:5      | Gained mutation: You have hoof-like feet. [demonic
                  | ancestry]
  3519 | D:5      | Reached XP level 7. HP: 52/52 MP: 7/7
  3586 | D:5      | Found Qutunk's Neck Hole.
  3693 | D:6      | Reached skill level 5 in Shapeshifting
  3829 | D:6      | Found a hazy altar of Hepliaklqana.
  3867 | D:6      | Reached **** piety under Uskayaw
  4223 | D:6      | Reached skill level 5 in Unarmed Combat
  4223 | D:6      | Reached XP level 8. HP: 24/61 MP: 8/8
  4507 | D:7      | Reached skill level 6 in Shapeshifting
  4617 | D:7      | Reached skill level 5 in Fighting
  4631 | D:7      | You fall into a shaft and drop 2 floors!
  4764 | D:8      | Identified the +2 leather armour of Valiance {*Corrode
                  | rElec Will+ Int+3}
  5911 | D:8      | Reached skill level 1 in Evocations
  5918 | D:8      | Noticed Grum
  5934 | D:8      | Killed Grum
  5938 | D:8      | Reached XP level 9. HP: 56/68 MP: 9/9
  6095 | D:8      | Reached skill level 7 in Shapeshifting
  6117 | D:8      | Reached ***** piety under Uskayaw
  6124 | D:8      | Reached ****** piety under Uskayaw
  6206 | D:8      | Found a basalt altar of Yredelemnul.
  6206 | D:8      | Found a bloodstained altar of Trog.
  6214 | D:8      | Found a sacrificial altar of Ru.
  6216 | D:8      | Found an iron altar of Okawaru.
  6218 | D:8      | Found a faded altar of an unknown god.
  6973 | D:9      | Found a staircase to the Lair.
  6975 | D:9      | Noticed a komodo dragon
  6991 | D:9      | Killed a komodo dragon
  7241 | D:9      | Reached skill level 5 in Evocations
  7459 | D:9      | Gained mutation: You may rarely emit foul miasma when
                  | damaged in melee. [demonic ancestry]
  7459 | D:9      | Reached XP level 10. HP: 61/77 MP: 10/10
  7581 | D:9      | Reached skill level 8 in Shapeshifting
  8251 | D:9      | Found a staircase to the Lair.
  8668 | D:10     | Entered Level 10 of the Dungeon
  8705 | D:10     | Noticed a gargoyle
  8877 | D:10     | Killed a gargoyle
  9118 | D:10     | Noticed a gargoyle
  9474 | D:10     | Noticed Psyche
  9483 | D:10     | Killed Psyche
  9901 | D:11     | Found an iron altar of Okawaru.
  9901 | D:11     | Noticed a boulder beetle
 10279 | D:11     | Reached skill level 9 in Shapeshifting
 10567 | D:11     | Killed a boulder beetle
 10568 | D:11     | Gained mutation: You have a pair of small antennae on your
                  | head. [demonic ancestry]
 10568 | D:11     | Reached XP level 11. HP: 49/86 MP: 11/11
 10729 | D:11     | Found a staircase to the Orcish Mines.
 11043 | D:11     | Found Tolaysh's Magic Scroll Shop.
 11046 | D:11     | Bought a scroll of acquirement for 624 gold pieces
 11046 | D:11     | Acquired 936 gold pieces
 11048 | D:11     | Bought a scroll of blinking for 90 gold pieces
 11398 | Lair:1   | Entered Level 1 of the Lair of Beasts
 11899 | Lair:1   | Noticed a minotaur
 11943 | Lair:1   | Found a runed translucent gate.
 11943 | Lair:1   | Found a runed translucent gate.
 11943 | Lair:1   | Found a runed translucent gate.
 12019 | Lair:1   | Noticed Biusch's ghost (journeyman DjCj)
 12399 | Lair:2   | Found a transporter.
 12530 | Lair:2   | Noticed a death yak
 12530 | Lair:2   | Noticed a death yak
 12538 | Lair:2   | Noticed a five-headed hydra
 12549 | Lair:1   | Killed a five-headed hydra
 12550 | Lair:1   | Reached skill level 10 in Shapeshifting
 13256 | Lair:2   | Noticed a death yak
 13265 | Lair:1   | Killed a death yak
 13416 | Lair:2   | Reached skill level 1 in Armour
 13426 | Lair:2   | Killed a death yak
 13609 | Lair:2   | Killed a death yak
 13680 | Lair:2   | Gained mutation: Your touch may inflict irresistible damage
                  | on your foes. [demonic ancestry]
 13680 | Lair:2   | Reached XP level 12. HP: 33/96 MP: 12/14
 14097 | Lair:2   | You fall into a shaft and drop 1 floor!
 14222 | Lair:3   | Mangled by a skyshark

Illustrated notes

Levels and vault maps discovered:
D:1:      minmay_arrival_cross, layout_rooms, minivault_5,
          nicolae_concentric_dashed_squares_mild
D:2:      layout_basic, serial_bayou_pond_c, lightli_corner_chamber, uniq_robin
D:3:      layout_basic, serial_shops, shop
D:4:      layout_basic, mainiacjoe_overflow_alcove_2, minmay_cut_off
D:5:      layout_rooms, minmay_temple_entry_tees,
          nicolae_shop_sticking_my_neck_out
D:6:      layout_gridville, nicolae_overflow_crystal_walls
D:7:      layout_layer_cave, jmf_multi_god_temple
D:8:      layout_cave_pods, chequers_temple_overflow_minitemple, uniq_grum
D:9:      layout_loops_corners, david_lair_shrubbed, dk_vineyard_2
D:10:     layout_loops_cross, nrook_uturn, uniq_psyche
D:11:     layout_cross, minmay_orc_entry_guard_dogs, serial_shops,
          nicolae_shop_rolled_up, okawaru_ov_weapons_minmay
Lair:1:   layout_long_grid, maelrawn_ghost_gauntlet_escape
Lair:2:   layout_hall_layers, guppyfry_snake_entry_island,
          gammafunk_ghost_abyssal_escape, serial_bayou_ford_a,
          hangedman_lair_generics_rect
Lair:3:   layout_cave_pods, shoals_dummy_entry, nicolae_lair_lil_pond,
          beast_lair_carwin_11

Skill      XL: |  1  2  3  4  5  6  7  8  9 10 11 12 |
---------------+-------------------------------------+-----
Shapeshifting  | 3 4 5 6 7 9 10 | 10.0
Unarmed Combat | 3 4 5 6 7 9 |  9.0
Fighting       | 2 3 4 5 6 7 9 |  9.4
Evocations     | 2 5 6 |  6.0
Armour         | 3 4 |  4.5
Invocations    | 3 4 |  4.8
Dodging        | |  1.7

Action                     |  1- 3 |  4- 6 |  7- 9 | 10-12 || total
---------------------------+-------+-------+-------+-------++-------
  Melee: Unarmed           |    90 |   175 |   215 |   271 ||   751
         Punch             |     2 |     3 |     5 |    16 ||    26
         Touch             |    10 |    25 |    41 |    62 ||   138
         Kick              |       |    10 |    85 |   103 ||   198
  Throw: Dart              |       |       |     3 |     2 ||     5
  Evoke: Wand              |       |       |       |     5 ||     5
    Use: Potion            |       |     7 |     3 |     1 ||    11
         Scroll            |       |     7 |     3 |     8 ||    18
   Stab: Paralysed         |       |       |    10 |    22 ||    32
 Armour: Animal skin       |     4 |       |       |       ||     4
         Plate armour      |    85 |   120 |   130 |   195 ||   530
         Skin              |       |   101 |       |       ||   101
  Dodge: Dodged            |    45 |    43 |    54 |    82 ||   224

Table legend: (Time is in decaauts)
 A = Elapsed time spent in this place.
 B = Non-inter-level travel time spent in this place.
 C = Inter-level travel time spent in this place.
 D = Time resting spent in this place.
 E = Time spent auto-exploring this place.
 F = Levels seen in this place.
 G = Mean time per level.
                   A        B        C        D        E       F      G
               +--------+--------+--------+--------+--------+-----+--------+
         Total |  14165 |  13586 |    579 |   3319 |   8106 |  14 | 1011.8 |
       Dungeon |  11347 |  10858 |    489 |   1725 |   7311 |  11 | 1031.5 |
          Lair |   2817 |   2727 |     90 |   1594 |    795 |   3 |  939.0 |
               +--------+--------+--------+--------+--------+-----+--------+

Top non-repeatable levels by time:
  Lair:1: 2334 daAuts
     D:9: 2111 daAuts
     D:7: 1306 daAuts
    D:10: 1208 daAuts
     D:8: 1170 daAuts
    D:11: 1153 daAuts
     D:2: 1142 daAuts
     D:3: 959 daAuts
     D:6: 750 daAuts
     D:1: 604 daAuts
     D:4: 595 daAuts
  Lair:2: 359 daAuts
     D:5: 343 daAuts
  Lair:3: 123 daAuts
